 Dungeon Crawl Stone Soup version 0.18.1-48-g4cf74bf (webtiles) character file.

2970 Krovax444 the Summoner (level 9, -2/54 HPs)
             Began as a Tengu Summoner on July 5, 2016.
             Was a Believer of Sif Muna.
             Killed by divine providence
             ... invoked by an orc priest
              (15 damage)
             ... on level 9 of the Dungeon on July 6, 2016.
             The game lasted 01:56:45 (8520 turns).

Krovax444 the Summoner (Tengu Summoner)             Turns: 8520, Time: 01:56:45

Health: -2/54      AC:  3    Str: 10    XL:     9   Next: 82%
Magic:  14/19      EV: 14    Int: 17    God:    Sif Muna [**....]
Gold:   110        SH:  0    Dex: 15    Spells: 4 memorised, 10 levels left

rFire  x . .     SeeInvis .     x - staff of summoning
rCold  + . .     Gourm    .     d - +0 robe
rNeg   . . .     Faith    .     (no shield)
rPois  .         Spirit   .     (helmet restricted)
rElec  .         Dismiss  .     E - +0 cloak
rCorr  .         Reflect  .     (no gloves)
SustAt .         Harm     .     (boots unavailable)
MR     .....                    (no amulet)
Stlth  ++........               y - ring of ice
                                A - +4 ring of slaying

@: not resistant to hostile enchantments, unstealthy
A: beak, talons 3, able to fly 1
a: Fly, Channel Energy, Renounce Religion


You were on level 9 of the Dungeon.
You worshipped Sif Muna.
Sif Muna was pleased with you.
You were not hungry.

You visited 1 branch of the dungeon, and saw 9 of its levels.

You collected 289 gold pieces.
You spent 179 gold pieces at shops.

Inventory:

Hand Weapons
 f - a +0 blowgun
 p - a +1 short sword of draining
 u - a -2 dagger
 G - a +0 spear
Missiles
 C - 5 curare-tipped needles
Armour
 a - a +0 robe
 d - a +0 robe (worn)
 h - a +4 ring mail
 r - a +0 shield
 E - a +0 cloak (worn)
Magical Staves
 x - an uncursed staff of summoning (weapon)
Jewellery
 y - a ring of ice (right hand)
 A - a +4 ring of slaying (left hand)
Scrolls
 i - 3 scrolls of noise
 n - 3 scrolls of identify
 o - a scroll of remove curse
 q - 2 scrolls of enchant weapon
 H - a scroll of teleportation
 J - a scroll of summoning
 L - a scroll of blinking {unknown}
Potions
 e - 4 potions of curing
 j - a potion of lignification {unknown}
 k - a potion of resistance {unknown}
 l - a potion of cancellation {unknown}
 m - 4 potions of haste
 s - 2 potions of brilliance {unknown}
 t - a potion of magic
 w - a potion of beneficial mutation {unknown}
 z - 4 potions of degeneration
 B - 2 potions of mutation
 D - 2 potions of flight {unknown}
 F - a potion of ambrosia {unknown}
 I - a potion of agility {unknown}
Books
 b - a book of Callings

   Spells                             Type                      Level
   a - Summon Small Mammal            Summoning                    1
   b - Call Imp                       Summoning                    2
   c - Call Canine Familiar           Summoning                    3
   d - Summon Guardian Golem          Hexes/Summoning              3
   e - Summon Lightning Spire         Summoning/Air                4
   f - Summon Ice Beast               Ice/Summoning                4
Comestibles
 c - 6 bread rations
 g - 2 beef jerkies
 v - 2 meat rations
 K - a chunk of flesh


   Skills:
 + Level 5.0 Fighting
 - Level 5.0 Staves
 - Level 3.3 Armour
 * Level 4.8 Dodging
 - Level 2.3 Stealth
 + Level 6.2 Spellcasting
 + Level 8.1 Summonings
 + Level 4.4 Ice Magic
 + Level 0.5 Invocations


You had 10 spell levels left.
You knew the following spells:

 Your Spells              Type           Power        Failure   Level  Hunger
a - Summon Small Mammal   Summ           ####         1%          1    None
b - Call Canine Familiar  Summ           #####...     1%          3    ##.....
c - Call Imp              Summ           #####...     1%          2    None
d - Summon Ice Beast      Ice/Summ       ######..     12%         4    ####...


Dungeon Overview and Level Annotations

Branches:
Dungeon (9/15)             Temple (0/1) D:4
   Lair: D:8-11         Orc: D:9-12

Altars:
Ashenzari
Gozag
Nemelex Xobeh
Qazlal
Ru
Sif Muna
Yredelemnul
Zin
The Shining One

Shops:
D:2 *   D:8 *

Annotations:
D:5 GordonOverkill's ghost, novice HOWn
D:8 exclusions: upstairs and 1 more exclusion


Innate Abilities, Weirdness & Mutations

You have a beak for a mouth.
You have claws for feet.
You can fly.


Message History

The orc priest hits your ice beast but does no damage.
Your ice beast barely misses the orc priest.
What do you say? t - Shout!
Orders for allies: a - Attack new target. r - Retreat! s - Stop attacking. w - Wait here. f - Follow me.
Anything else - Stay silent.
Gang up on whom?
Press: ? - help, Dir - move target cursor, f - orc priest
Aim: an orc priest, wielding a dagger Attack!
The orc priest hits your ice beast but does no damage.
Your ice beast hits the orc priest but does no damage.
Casting: Summon Ice Beast
Confirm with . or Enter, or press ? or * to list all spells.
You feel a strong surge of power! A chill wind blows around you.
The orc priest invokes the aid of Beogh against you.
Beogh smites you!
You die...

.............### #..........
...........### ##.........
..........## ##........
...........# #........
............ ##..##....
..#..#....... ##..####...
.##.#.........#### #..## #...
....#..###...)o).######..# ##..
...............Y@.......## ##.
..##.......##....Y......# #.
..##......###..†######..# ##
..........# ##..# ##.## #
..........## #... #..# #
...........##.....#####..## #
.......##.............##..# ##
......###.................######.
.......##....................#...


You could see an orc priest and 2 friendly ice beasts.

Vanquished Creatures
  A steam dragon (D:8)
  An orc warrior (D:9)
  A sky beast (D:8)
  A wasp (D:7)
  A phantom (D:8)
  3 centaurs
  2 giant frogs
  2 crimson imps
  2 hounds
  2 orc priests (D:8)
  2 orc wizards
  A gnoll shaman (D:5)
  An iguana (D:4)
  5 worker ants
  4 adders
  A gnoll (D:5)
  2 shadow imps
  An adder zombie (D:8)
  4 worms
  A dart slug (D:2)
  7 giant geckos
  7 orcs
  A ball python (D:3)
  4 bats
  6 giant cockroaches
  3 goblins
  4 hobgoblins
  12 jackals
  5 kobolds
  A quokka (D:8)
  A giant gecko skeleton (D:9)
  A giant gecko zombie (D:6)
  2 rats
92 creatures vanquished.

Vanquished Creatures (collateral kills)
  Erolcha (D:8)
  Maurice (D:8)
  Grinder (D:3)
  2 ice beasts
  A black bear (D:9)
  2 sky beasts
  An eye of draining (D:7)
  3 ogres
  A centaur (D:9)
  2 giant frogs
  3 scorpions
  A howler monkey (D:7)
  A giant frog zombie (D:5)
  A jelly (D:9)
  A quasit (D:4)
  A centaur skeleton (D:4)
  An orc priest (D:8)
  3 orc wizards
  Jessica (D:3)
  4 worker ants
  3 gnolls
  3 adders
  2 shadow imps
  An ooze (D:4)
  A dart slug (D:1)
  A giant gecko (D:7)
  12 orcs
  A ball python (D:1)
  A giant cockroach (D:3)
  3 goblins
  3 hobgoblins
  8 jackals
  2 quokkas
  2 bats
  2 giant newts
  9 kobolds
  2 rats (D:2)
88 creatures vanquished.

Vanquished Creatures (others)
  An orc warrior (D:7)
  An ogre (D:7)
  A centaur (D:7)
  A big kobold (D:9)
  A giant frog (D:7)
  A hound (D:7)
  An iguana (D:7)
  2 orcs (D:7)
9 creatures vanquished.

Grand Total: 189 creatures vanquished

Notes
Turn   | Place    | Note
--------------------------------------------------------------
     0 | D:1      | Krovax444 the Tengu Summoner began the quest for the Orb.
     0 | D:1      | Reached XP level 1. HP: 10/10 MP: 4/4
   611 | D:1      | Reached skill level 5 in Summonings
   834 | D:1      | Reached XP level 2. HP: 15/15 MP: 4/6
  1304 | D:2      | Reached skill level 1 in Armour
  1304 | D:2      | Reached XP level 3. HP: 20/20 MP: 2/7
  1472 | D:2      | Reached skill level 1 in Fighting
  1613 | D:2      | Found Zin's Purification Station.
  1616 | D:2      | Found a glowing silver altar of Zin.
  1806 | D:2      | Found a deep blue altar of Sif Muna.
  1914 | D:3      | Noticed Jessica
  1917 | D:3      | Killed Jessica
  1917 | D:3      | Reached XP level 4. HP: 17/25 MP: 6/9
  1922 | D:3      | Learned a level 3 spell: Call Canine Familiar
  1925 | D:3      | Learned a level 2 spell: Call Imp
  2098 | D:3      | Noticed Grinder
  2170 | D:3      | Paralysed by Grinder for 7 turns
  2393 | D:3      | Paralysed by Grinder for 5 turns
  2458 | D:3      | Killed Grinder
  2458 | D:3      | Gained mutation: You can fly. [Tengu growth]
  2458 | D:3      | Reached XP level 5. HP: 18/29 MP: 0/11
  2856 | D:3      | Reached XP level 6. HP: 27/35 MP: 8/12
  3261 | D:2      | Became a worshipper of Sif Muna the Loreminder
  3359 | D:4      | Reached skill level 6 in Summonings
  3559 | D:4      | Found a staircase to the Ecumenical Temple.
  3641 | D:4      | Found a sacrificial altar of Ru.
  3649 | D:4      | Found a sparkling altar of Nemelex Xobeh.
  3652 | D:4      | Found a stormy altar of Qazlal.
  3681 | D:4      | Noticed an ice beast
  3684 | D:4      | Reached skill level 1 in Staves
  3684 | D:4      | Reached XP level 7. HP: 37/40 MP: 14/14
  3974 | D:4      | Found a glowing golden altar of the Shining One.
  4226 | D:4      | Found an opulent altar of Gozag.
  4228 | D:4      | Found a shattered altar of Ashenzari.
  4289 | D:4      | Learned a level 4 spell: Summon Ice Beast
  4373 | D:5      | Entered Level 5 of the Dungeon
  4825 | D:5      | Noticed GordonOverkill's ghost (novice HOWn)
  5208 | D:5      | Reached skill level 1 in Ice Magic
  5328 | D:5      | Reached * piety under Sif Muna
  5328 | D:5      | Reached XP level 8. HP: 19/46 MP: 9/16
  5958 | D:6      | Found a basalt altar of Yredelemnul.
  6187 | D:7      | Reached skill level 5 in Spellcasting
  6287 | D:7      | Reached skill level 7 in Summonings
  6459 | D:7      | Noticed a five-headed hydra
  6993 | D:8      | Noticed Erolcha
  7096 | D:8      | Reached XP level 9. HP: 34/52 MP: 5/18
  7147 | D:8      | Reached ** piety under Sif Muna
  7422 | D:8      | Killed Erolcha
  7429 | D:8      | Noticed Maurice
  7459 | D:8      | Killed Maurice
  7630 | D:8      | Found Rich's General Store.
  7640 | D:8      | Bought a scroll of summoning for 142 gold pieces
  7640 | D:8      | Bought a potion of mutation for 37 gold pieces
  8073 | D:9      | Reached skill level 8 in Summonings
  8076 | D:9      | Reached skill level 5 in Staves
  8388 | D:9      | Reached skill level 5 in Fighting
  8520 | D:9      | Killed from afar by an orc priest

Skill      XL: |  1  2  3  4  5  6  7  8  9 |
---------------+----------------------------+-----
Summonings     | 5 6 7 8 |  8.1
Armour         | 1 2 3 |  3.3
Fighting       | 1 2 3 4 5 |  5.0
Spellcasting   | 3 4 5 6 |  6.2
Staves         | 1 3 4 5 |  5.0
Ice Magic      | 1 3 4 |  4.4
Dodging        | 4 |  4.8
Stealth        | |  2.3
Invocations    | |  0.5

Action                   |  1- 3 |  4- 6 |  7- 9 || total
-------------------------+-------+-------+-------++-------
Melee: Unarmed           |    43 |       |       ||    43
       Kick              |    12 |    16 |    64 ||    92
       Peck              |    13 |    16 |    40 ||    69
       Short sword       |    70 |    78 |       ||   148
       Staff             |       |    14 |   260 ||   274
 Cast: Summon Small Mamm |    42 |       |       ||    42
       Call Canine Famil |       |    14 |    47 ||    61
       Call Imp          |       |     5 |    28 ||    33
       Summon Ice Beast  |       |       |    13 ||    13
 Abil: Fly               |       |       |     4 ||     4
  Use: Scroll            |     9 |     1 |     8 ||    18
       Potion            |       |       |     6 ||     6
 Stab: Distracted        |       |     1 |     1 ||     2
       Sleeping          |       |     1 |       ||     1
  Eat: Chunk             |     4 |     6 |    11 ||    21
       Pizza             |       |     1 |       ||     1
       Meat ration       |       |       |     2 ||     2
Armor: Ring mail         |    73 |    41 |    74 ||   188
       Robe              |       |       |     5 ||     5
Dodge: Dodged            |    90 |    60 |   144 ||   294
